 Dungeon Crawl Stone Soup version 0.30-a0-779-g7971cf19c3 (webtiles) character file.

Game seed: 2874888210372014151

506 porpoise the Sneak (level 7, -2/51 HPs)
             Began as a Gnoll Enchanter on Feb 18, 2023.
             Was an Initiate of Ashenzari.
             Slain by Duvessa
             ... wielding a +0 short sword
              (5 damage)
             ... on level 4 of the Dungeon.
             The game lasted 00:19:06 (5376 turns).

porpoise the Sneak (Gnoll Enchanter)                Turns: 5376, Time: 00:19:07

Health: -2/51      AC:  4    Str:  8    XL:     7   Next: 18%
Magic:  12/15      EV: 13    Int: 22    God:    Ashenzari [......]
Gold:   199        SH:  0    Dex: 12    Spells: 7/17 levels left

rFire   + . .      SeeInvis .    a - +1 dagger
rCold   . . .      Faith    .    (no shield)
rNeg    . . .      Spirit   .    v - +0 robe
rPois   .          Reflect  .    s - +0 helmet "Perceptive Fallacy" {Elem, Melee} (curse)
rElec   .          Harm     .    o - +0 cloak
rCorr   .          Rampage  .    (no gloves)
Will    .....                    (no boots)
Stlth   +++                      (no amulet)
HPRegen 0.28/turn                m - +6 ring of intelligence
MPRegen 0.14/turn                r - ring of protection from fire

@: confusing by touch
A: fangs 1, strong nose, distributed training
a: Renounce Religion, Shatter the Chains


You were on level 4 of the Dungeon.
You worshipped Ashenzari.
Ashenzari was noncommittal.
You visited 1 branch of the dungeon, and saw 4 of its levels.
You also visited: Sewer.

You collected 199 gold pieces.

Inventory:

Hand Weapons
 a - a +1 dagger (weapon)
 b - a +3 falchion
Missiles
 j - 14 poisoned darts (quivered)
 k - 10 boomerangs
 p - 4 datura-tipped darts
 x - 4 javelins
Armour
 o - a +0 cloak (worn)
 s - the cursed +0 helmet "Perceptive Fallacy" (worn) {Elem, Melee}
   (You found it on level 3 of the Dungeon)

   It has a curse which improves the following skills: Elements: Fire Magic, Ice
   Magic, Air Magic and Earth Magic.
   Melee Combat: Short Blades, Long Blades, Axes, Maces & Flails, Polearms,
   Staves and Unarmed Combat.
 v - a +0 robe (worn)
 w - the +0 helmet "Coyvacw" {rElec rF- Regen+ rCorr}
   (You found it on level 4 of the Dungeon)

   rF:        It makes you vulnerable to fire.
   rElec:     It insulates you from electricity.
   Regen:     It increases your rate of health regeneration.
   rCorr:     It protects you from acid and corrosion.
Jewellery
 m - a +6 ring of intelligence (left hand)
 r - a ring of protection from fire (right hand)
Wands
 u - a wand of charming (7)
Scrolls
 h - a scroll of teleportation
 t - a scroll of brand weapon {unknown}
 y - 2 scrolls of fear
Potions
 c - a potion of invisibility
 d - a potion of attraction
 e - 3 potions of might
 f - a potion of flight
 g - a potion of mutation
 l - a potion of curing
 n - a potion of haste
 q - a potion of resistance {unknown}


   Skills:
 + Level 2.4 Fighting
 + Level 3.6(4.0) Short Blades
 + Level 2.4(2.8) Long Blades
 + Level 2.4(2.8) Axes
 + Level 2.4(2.8) Maces & Flails
 + Level 2.4(2.8) Polearms
 + Level 2.4(2.8) Staves
 + Level 2.4 Ranged Weapons
 + Level 2.4 Throwing
 + Level 2.4 Armour
 + Level 5.2 Dodging
 + Level 6.5 Stealth
 + Level 2.4 Shields
 + Level 2.4(2.8) Unarmed Combat
 + Level 5.6 Spellcasting
 + Level 2.0 Conjurations
 + Level 5.8 Hexes
 + Level 2.0 Summonings
 + Level 2.0 Necromancy
 + Level 2.0 Translocations
 + Level 2.0 Transmutations
 + Level 2.0(2.3) Fire Magic
 + Level 2.0(2.3) Ice Magic
 + Level 2.0(2.3) Air Magic
 + Level 2.0(2.3) Earth Magic
 + Level 2.0 Poison Magic
 + Level 2.7 Invocations
 + Level 2.4 Evocations


You had 7 spell levels left.
You knew the following spells:

 Your Spells              Type           Power      Damage    Failure   Level
a - Confusing Touch       Hex            31%        N/A       2%          3
e - Ensorcelled Hibernat  Hex/Ice        48%        N/A       2%          2
t - Tukima's Dance        Hex            31%        N/A       2%          3
w - Wereblood             Tmut           15%        N/A       6%          2

Your spell library contained the following spells:

 Spells                   Type           Power      Damage    Failure   Level
 Static Discharge         Conj/Air       30%        2-4/arc   6%          2
 Sublimation of Blood     Necr           15%        N/A       6%          2
 Dazzling Flash           Conj/Hex       46%        N/A       6%          3
 Portal Projectile        Hex/Tloc       46%        N/A       6%          3
 Vhi's Electric Charge    Tloc/Air       30%        N/A       12%         3
 Arcjolt                  Conj/Air       7%         1d17      73%         5
 Lightning Bolt           Conj/Air       7%         1d20      73%         5
 Blade Hands              Tmut           7%         N/A       75%         5
 Conjure Ball Lightning   Conj/Air       7%         3x3d6     99%         6
 Summon Hydra             Summ           7%         N/A       100%        7
 Discord                  Hex            15%        N/A       100%        8
 Disjunction              Tloc           7%         N/A       100%        8


Dungeon Overview and Level Annotations

Branches:
Dungeon (4/15)              Sewer (visited)
 Temple: D:4-7

Altars:
Ashenzari
Elyvilon

Annotations:
D:4 Duvessa


Innate Abilities, Weirdness & Mutations

You have very sharp teeth.
Your uncanny sense of smell can sniff out nearby items.
Your experience applies equally to all skills.


Message History

Duvessa rages.
Throw: 16 darts (poison)
Press: ? - help, Q - select action, (/) - cycle Shift-Dir - straight line, f/p - Duvessa
Aim: Duvessa, wielding a +0 short sword and wearing a +0 chain mail (moderately wounded, berserk, confused, 86% to hit)
You throw a poisoned dart. The poisoned dart hits Duvessa.
Duvessa is poisoned.
Duvessa is moderately wounded.
Duvessa seems less confused.
Throw: 15 darts (poison)
Press: ? - help, Q - select action, (/) - cycle Shift-Dir - straight line, f/p - Duvessa
Aim: Duvessa, wielding a +0 short sword and wearing a +0 chain mail (moderately wounded, berserk, poisoned, 70% to hit)
You throw a poisoned dart. The poisoned dart hits Duvessa.
Duvessa looks even sicker.
Duvessa is moderately wounded.
Duvessa barely misses you.
Casting: Confusing Touch (dangerous; 2% risk of failure)
Confirm with . or Enter, or press ? or * to list all spells.
You can't see any susceptible monsters within range! (Use Z to cast anyway.) Unknown command.
Unknown command.
Casting: Confusing Touch (dangerous; 2% risk of failure)
Confirm with . or Enter, or press ? or * to list all spells.
Your hands begin to glow red.
Duvessa barely misses you.
You hit Duvessa but do no damage.
Duvessa is moderately wounded.
Duvessa hits you with a +0 short sword!
* * * LOW HITPOINT WARNING * * *
You barely miss Duvessa.
Duvessa is heavily wounded.
Duvessa hits you but does no damage. Duvessa hits you with a +0 short sword.
* * * LOW HITPOINT WARNING * * *
You feel much better. Duvessa hits you with a +0 short sword!
* * * LOW HITPOINT WARNING * * *
You hit Duvessa but do no damage.
Duvessa is heavily wounded.
Duvessa hits you with a +0 short sword.
* * * LOW HITPOINT WARNING * * *
As you read the scroll labelled GIFY EROATIV, it crumbles to dust.
You assume a fearsome visage.
Duvessa is unaffected.
It was a scroll of fear.
Duvessa hits you with a +0 short sword.
You die...

## .. ### ..# #.# #.#
###.####### #.......).#
# #.#.#####.# #. #.#@# #
##'# #.#e### ##...##
#.#((.# ##.....##
#.###.# #.......##
##.###.#
.........####...##.###.#
.........'.............#
.........####......#####
#.......## ##..####


You could see Duvessa (berserk, poisoned).

Vanquished Creatures
  A water moccasin (D:4)
  A bullfrog (Sewer)
  Dowan (D:4)
  2 hounds (D:4)
  Crazy Yiuf (D:2)
  8 adders
  A worm (D:2)
  4 dart slugs
  12 orcs (D:4)
  9 ball pythons
  3 bats
  7 endoplasms
  13 giant cockroaches
  5 hobgoblins
  9 jackals
  5 quokkas
  11 frilled lizards
  5 goblins
  12 kobolds
  4 rats
114 creatures vanquished.

Vanquished Creatures (others)
  An orc (D:4)
1 creature vanquished.

Grand Total: 115 creatures vanquished

Notes
Turn   | Place    | Note
-------+----------+-------------------------------------------
     0 | D:1      | porpoise the Gnoll Enchanter began the quest for the Orb.
     0 | D:1      | Reached XP level 1. HP: 13/13 MP: 6/6
   257 | D:1      | Reached XP level 2. HP: 19/19 MP: 7/7
   263 | D:1      | Learned a level 2 spell: Ensorcelled Hibernation
   550 | D:1      | Found a faded altar of an unknown god.
   687 | D:1      | Reached skill level 5 in Spellcasting
   687 | D:1      | Reached XP level 3. HP: 24/25 MP: 3/9
   760 | D:1      | Learned a level 3 spell: Confusing Touch
   764 | D:1      | Learned a level 3 spell: Tukima's Dance
   903 | D:1      | Reached skill level 6 in Stealth
  1103 | D:2      | Reached skill level 1 in Invocations
  1397 | D:2      | Reached skill level 1 in Fighting
  1397 | D:2      | Reached skill level 1 in Long Blades
  1397 | D:2      | Reached skill level 1 in Axes
  1397 | D:2      | Reached skill level 1 in Maces & Flails
  1397 | D:2      | Reached skill level 1 in Polearms
  1397 | D:2      | Reached skill level 1 in Staves
  1397 | D:2      | Reached skill level 1 in Ranged Weapons
  1397 | D:2      | Reached skill level 1 in Throwing
  1397 | D:2      | Reached skill level 1 in Armour
  1397 | D:2      | Reached skill level 1 in Shields
  1397 | D:2      | Reached skill level 1 in Unarmed Combat
  1397 | D:2      | Reached skill level 1 in Evocations
  1672 | D:2      | Reached XP level 4. HP: 32/32 MP: 6/11
  1984 | D:2      | Found a runed translucent door.
  1985 | D:2      | Noticed Crazy Yiuf
  1992 | D:2      | Killed Crazy Yiuf
  1993 | D:2      | Reached skill level 1 in Conjurations
  1993 | D:2      | Reached skill level 1 in Summonings
  1993 | D:2      | Reached skill level 1 in Necromancy
  1993 | D:2      | Reached skill level 1 in Translocations
  1993 | D:2      | Reached skill level 1 in Transmutations
  1993 | D:2      | Reached skill level 1 in Fire Magic
  1993 | D:2      | Reached skill level 1 in Ice Magic
  1993 | D:2      | Reached skill level 1 in Air Magic
  1993 | D:2      | Reached skill level 1 in Earth Magic
  1993 | D:2      | Reached skill level 1 in Poison Magic
  2545 | D:3      | Found a white marble altar of Elyvilon.
  2669 | D:3      | Reached XP level 5. HP: 35/37 MP: 3/12
  2778 | D:3      | Learned a level 2 spell: Wereblood
  3044 | D:3      | Found a broken altar of Ashenzari.
  3511 | D:3      | Became a worshipper of Ashenzari the Shackled
  3814 | D:4      | Found a glowing drain.
  3836 | Sewer    | Entered a sewer
  4207 | Sewer    | Reached XP level 6. HP: 44/44 MP: 7/13
  4328 | Sewer    | Reached skill level 5 in Dodging
  4544 | D:4      | Noticed a water moccasin
  4551 | D:4      | Killed a water moccasin
  4656 | D:4      | Reached XP level 7. HP: 50/50 MP: 15/15
  4666 | D:4      | Identified the +0 helmet "Coyvacw" {rElec rF- Regen+ rCorr}
  5317 | D:4      | Noticed Dowan
  5318 | D:4      | Noticed Duvessa
  5324 | D:4      | Killed Dowan
  5376 | D:4      | Slain by Duvessa

Illustrated notes

Levels and vault maps discovered:
D:1:      dpeg_arrival_lava_temple_mockup, layout_basic,
          hellmonk_ecumenical_altar_zigzags
D:2:      layout_loops_corners, uniq_crazy_yiuf_cottage
D:3:      layout_basic, lemuel_round_altar, elyvilon_altar_5
D:4:      layout_loops_corners, cheibrodos_sewer_entry_drain, grunt_decor_cap,
          uniq_duvessa

Skill      XL: |  1  2  3  4  5  6  7 |
---------------+----------------------+-----
Spellcasting   | 5 |  5.6
Stealth        | 6 |  6.5
Invocations    | 1 2 |  2.7
Fighting       | 1 2 |  2.4
Long Blades    | 1 2 |  2.4
Axes           | 1 2 |  2.4
Maces & Flails | 1 2 |  2.4
Polearms       | 1 2 |  2.4
Staves         | 1 2 |  2.4
Ranged Weapons | 1 2 |  2.4
Throwing       | 1 2 |  2.4
Armour         | 1 2 |  2.4
Shields        | 1 2 |  2.4
Unarmed Combat | 1 2 |  2.4
Evocations     | 1 2 |  2.4
Conjurations   | 1 2 |  2.0
Summonings     | 1 2 |  2.0
Necromancy     | 1 2 |  2.0
Translocations | 1 2 |  2.0
Transmutations | 1 2 |  2.0
Fire Magic     | 1 2 |  2.0
Ice Magic      | 1 2 |  2.0
Air Magic      | 1 2 |  2.0
Earth Magic    | 1 2 |  2.0
Poison Magic   | 1 2 |  2.0
Short Blades   | 3 |  3.6
Dodging        | 5 |  5.2
Hexes          | |  5.8

Action                     |  1- 3 |  4- 6 |  7- 9 || total
---------------------------+-------+-------+-------++-------
  Melee: Dagger            |    70 |   105 |    57 ||   232
         Bite              |     1 |     4 |    10 ||    15
         Unarmed           |       |    12 |       ||    12
  Throw: Dart              |       |       |     4 ||     4
   Cast: Ensorcelled Hiber |    16 |    56 |    12 ||    84
         Confusing Touch   |       |       |     2 ||     2
 Invoke: Curse Item        |       |     1 |       ||     1
    Use: Scroll            |       |    10 |     2 ||    12
         Potion            |       |       |     3 ||     3
   Stab: Sleeping          |    24 |    49 |     6 ||    79
         Distracted        |     2 |       |       ||     2
         Confused          |       |       |     1 ||     1
         Invisible         |       |       |     1 ||     1
 Armour: Robe              |    11 |    25 |    10 ||    46
  Dodge: Dodged            |    37 |    67 |    30 ||   134

Table legend: (Time is in decaauts)
 A = Elapsed time spent in this place.
 B = Non-inter-level travel time spent in this place.
 C = Inter-level travel time spent in this place.
 D = Time resting spent in this place.
 E = Time spent auto-exploring this place.
 F = Levels seen in this place.
 G = Mean time per level.
                   A        B        C        D        E       F      G
               +--------+--------+--------+--------+--------+-----+--------+
         Total |   5387 |   5242 |    145 |   1350 |   2779 |   5 | 1077.4 |
       Dungeon |   4666 |   4521 |    145 |   1050 |   2625 |   4 | 1166.5 |
         Sewer |    721 |    721 |      0 |    300 |    153 |   1 |  721.0 |
               +--------+--------+--------+--------+--------+-----+--------+

Top non-repeatable levels by time:
     D:2: 1438 daAuts
     D:4: 1110 daAuts
     D:1: 1093 daAuts
     D:3: 1022 daAuts
   Sewer: 721 daAuts
